 Dungeon Crawl Stone Soup version 0.21-a0-538-gd16b88a (webtiles) character file.

2069 tidbits the Magician (level 9, -6/65 HPs)
             Began as a Gnoll Earth Elementalist on Dec 15, 2017.
             Killed by divine providence
             ... invoked by an orc priest
              (16 damage)
             ... on level 6 of the Dungeon.
             The game lasted 00:17:33 (2101 turns).

tidbits the Magician (Gnoll Earth Elementalist)     Turns: 2101, Time: 00:17:34

Health: -6/65      AC:  8    Str: 12    XL:     9   Next: 26%
Magic:  13/18      EV: 16    Int: 20    God:
Gold:   408        SH:  2    Dex: 17    Spells: 11/21 levels left

rFire    . . .     SeeInvis .   a - +1 dagger (venom)
rCold    . . .     Gourm    .   (no shield)
rNeg     + . .     Faith    .   B - +2 robe {MR+}
rPois    .         Spirit   .   E - +2 helmet
rElec    .         Reflect  +   (no cloak)
rCorr    .         Harm     .   (no gloves)
MR       +....                  (no boots)
Stlth    ++++......             L - +2 amulet of reflection
HPRegen  0.20/turn              u - ring of positive energy
MPRegen  0.16/turn              O - +1 ring of protection

@: no status effects
A: distributed training, fangs 1, thin skeletal structure 1, sense surroundings
1, strong nose
a: no special abilities


You were on level 6 of the Dungeon.
You were very hungry.

You visited 1 branch of the dungeon, and saw 7 of its levels.

You collected 408 gold pieces.

Inventory:

Hand Weapons
 a - a +1 dagger of venom (weapon)
   (You took it off a goblin on level 4 of the Dungeon)
 g - a +0 mace of draining
   (You found it on level 1 of the Dungeon)
 j - a +0 shortbow
 t - a +0 dagger
 v - a +0 dagger of venom
   (You took it off a goblin on level 3 of the Dungeon)
 D - a +2 short sword of distortion
   (You took it off Robin on level 4 of the Dungeon)
 H - a +0 long sword of holy wrath
   (You found it on level 4 of the Dungeon)
Missiles
 b - 94 stones (quivered)
 k - 15 sling bullets
 s - 76 arrows
 y - 65 bolts
 z - 5 tomahawks
Armour
 c - a +0 robe
 o - a +0 plate armour
 B - a +2 robe of magic resistance (worn)
   (You found it on level 3 of the Dungeon)
 E - a +2 helmet (worn)
 M - a +2 helmet
Jewellery
 u - a ring of positive energy (left hand)
   (You found it on level 3 of the Dungeon)
 L - a +2 amulet of reflection (around neck)
   (You found it on level 7 of the Dungeon)
 O - a +1 ring of protection (right hand)
   (You found it on level 7 of the Dungeon)
Wands
 A - a wand of acid (17)
Scrolls
 h - 3 scrolls of remove curse
 m - 2 scrolls of enchant armour
 n - a scroll of teleportation
 p - a scroll of magic mapping {unknown}
 q - 2 scrolls of enchant weapon
 w - a scroll of random uselessness {unknown}
 x - a scroll of blinking {unknown}
 I - 2 scrolls of holy word
 J - a scroll of amnesia
 P - 2 scrolls of immolation {unknown}
 Q - a scroll of fog {unknown}
Potions
 l - 2 potions of curing
 r - 2 potions of might
 C - a potion of flight
 F - a potion of magic
 G - a potion of heal wounds
 N - a potion of agility
Books
 e - a book of Geomancy

   Spells                             Type                      Level
   a - Sandblast                      Earth                        1
   b - Passwall                       Transmutation/Earth          2
   c - Stone Arrow                    Conjuration/Earth            3
   d - Petrify                        Transmutation/Earth          4
   e - Lee's Rapid Deconstruction     Earth                        5
Comestibles
 d - 5 bread rations
 f - 4 fruits
 i - 2 meat rations


   Skills:
 + Level 4.0 Fighting
 + Level 4.0 Short Blades
 + Level 4.0 Long Blades
 + Level 4.0 Axes
 + Level 4.0 Maces & Flails
 + Level 4.0 Polearms
 + Level 4.0 Staves
 + Level 4.0 Slings
 + Level 4.0 Bows
 + Level 4.0 Crossbows
 + Level 4.0 Throwing
 + Level 4.0 Armour
 + Level 6.1 Dodging
 + Level 5.8 Stealth
 + Level 4.0 Shields
 + Level 4.0 Unarmed Combat
 + Level 6.5 Spellcasting
 + Level 3.3 Conjurations
 + Level 3.3 Hexes
 + Level 3.3 Charms
 + Level 3.3 Summonings
 + Level 3.3 Necromancy
 + Level 3.3 Translocations
 + Level 4.0 Transmutations
 + Level 3.3 Fire Magic
 + Level 3.3 Ice Magic
 + Level 3.3 Air Magic
 + Level 6.4 Earth Magic
 + Level 3.3 Poison Magic
 + Level 4.4 Invocations
 + Level 4.0 Evocations


You had 11 spell levels left.
You knew the following spells:

 Your Spells              Type           Power        Failure   Level  Hunger
a - Sandblast             Erth           ####..       1%          1    None
p - Petrify               Tmut/Erth      ####....     12%         4    ###....
t - Stone Arrow           Conj/Erth      ####..       4%          3    #......
w - Passwall              Tmut/Erth      ####......   1%          2    None


Dungeon Overview and Level Annotations

Branches:
Dungeon (7/15)
 Temple: D:4-7

Altars:
Ashenzari
Kikubaaqudgha
Okawaru
Qazlal
Sif Muna
Xom
Zin

Annotations:
D:7 Prince Ribbit


Innate Abilities, Weirdness & Mutations

Your experience applies equally to all skills.
You have very sharp teeth.
Your uncanny sense of smell can sniff out nearby items.
You have a somewhat thin skeletal structure. (Dex +2, Stealth)
You passively map a small area around you.


Message History

The orc is heavily wounded.
The orc misses you.
The jackal moves out of view.
You barely miss the orc.
The orc is heavily wounded.
A jackal comes into view.
Unknown command.
Casting: Passwall
Confirm with . or Enter, or press ? or * to list all spells.
Aiming: Petrify
Press: ? - help, Shift-Dir - straight line, f - orc warrior
Aim: an orc warrior, wielding a long sword and wearing a chain mail (chance to defeat MR: 56%)
The orc warrior is moving more slowly.
The jackal barks!
You are feeling very hungry.
You hit the orc warrior.
You bite the orc warrior, but do no damage.
The orc warrior is lightly wounded.
The orc warrior hits you with a long sword!
You hit the orc warrior but do no damage.
The orc warrior is poisoned.
The orc warrior is lightly wounded.
You catch the helpless orc warrior completely off-guard!
You puncture the orc warrior!
The orc warrior looks as sick as possible!
The orc warrior is moderately wounded.
The orc warrior completely misses you.
You hit the orc warrior.
The orc warrior looks as sick as possible!
The orc warrior is moderately wounded.
You hit the orc warrior but do no damage.
The orc warrior is moderately wounded.
The orc warrior stops moving altogether!
The centaur wields a shortbow.
The centaur shoots an arrow.
The arrow hits you!
The helpless orc warrior fails to defend itself.
You perforate the orc warrior like a sieve!!!
You kill the orc warrior!
Your Fighting skill increases to level 4!
Your Short Blades skill increases to level 4!
Your Long Blades skill increases to level 4!
Your Axes skill increases to level 4!
Your Maces & Flails skill increases to level 4!
Your Polearms skill increases to level 4!
Your Staves skill increases to level 4!
Your Slings skill increases to level 4!
Your Bows skill increases to level 4!
Your Crossbows skill increases to level 4!
Your Throwing skill increases to level 4!
Your Armour skill increases to level 4!
Your Shields skill increases to level 4!
Your Unarmed Combat skill increases to level 4!
Your Transmutations skill increases to level 4!
Your Evocations skill increases to level 4!
You hit the orc but do no damage.
The orc is poisoned.
The orc is heavily wounded.
The centaur shoots an arrow.
The arrow hits you!
* * * LOW HITPOINT WARNING * * *
You kill the orc!
The orc misses you.
You see here an arrow.
You barely miss the orc.
Casting: Petrify
Confirm with . or Enter, or press ? or * to list all spells.
Aiming: Sandblast
Press: ? - help, Shift-Dir - straight line, f - centaur
Aim: a centaur, wielding a shortbow The blast of sand misses the centaur.
b - 96 stones The centaur shoots an arrow.
The arrow hits you.
* * * LOW HITPOINT WARNING * * *
The orc closely misses you.
Okay, then.
You hit the orc but do no damage.
The orc is poisoned.
The orc hits you with a falchion.
* * * LOW HITPOINT WARNING * * *
Casting: Sandblast
Confirm with . or Enter, or press ? or * to list all spells.
Aiming: Sandblast
Press: ? - help, Shift-Dir - straight line, f - orc, p - centaur
Aim: an orc, wielding a flail and wearing a scale mail (poisoned)
The blast of sand hits the orc.
b - 95 stones The orc hits you with a flail!
* * * LOW HITPOINT WARNING * * *
The orc barely misses you.
Casting: Sandblast
Confirm with . or Enter, or press ? or * to list all spells.
Aiming: Sandblast
Press: ? - help, Shift-Dir - straight line, f/p - orc
Aim: an orc, wielding a flail and wearing a scale mail (poisoned)
The blast of sand hits the orc.
b - 94 stones The orc misses you.
Okay, then.
As you read the scroll of teleportation, it crumbles to dust.
You feel strangely unstable. The orc completely misses you.
The orc hits you with a flail.
* * * LOW HITPOINT WARNING * * *
Your surroundings suddenly seem different.
The orc priest mumbles some strange prayers to Beogh against you.
Beogh smites you!
You die...

#.....##......##.........
#...........oo##.........
......##...(.[...o.......*
......##......#coo.......
......##......##h........
##.#####......##ohh......
...# ####..###h........
#... ##..##.........
.###.* ##(..@........* 5
.# ###.#.......# . .
#.##....... , .. ∆ * #.,
######. , , .. * ## * , *
** ∆ , , ** , , * * , , ,
* * ,


You could see a centaur, an orc priest, 3 orcs and 4 jackals.

Vanquished Creatures
  Grinder (D:6)
  An orc warrior (D:6)
  2 ice beasts
  4 ogres
  A phantom (D:5)
  A centaur (D:7)
  A bullfrog (D:7)
  7 killer bees (D:7)
  4 crimson imps
  5 hounds
  A bullfrog skeleton (D:5)
  A jelly (D:7)
  4 iguanas
  An orc wizard (D:4)
  2 worker ants
  A killer bee zombie (D:5)
  A hound zombie (D:5)
  Robin (D:4)
  3 gnolls (D:4)
  5 adders
  3 worms
  A leopard gecko (D:6)
  10 orcs
  3 ball pythons (D:1)
  2 giant cockroaches (D:3)
  16 goblins
  4 hobgoblins
  2 jackals (D:4)
  4 kobolds
  3 quokkas
  5 bats
  A frilled lizard (D:1)
  A leopard gecko skeleton (D:4)
  4 rats
106 creatures vanquished.

Notes
Turn   | Place    | Note
-------+----------+-------------------------------------------
     0 | D:1      | tidbits the Gnoll Earth Elementalist began the quest for the Orb.
     0 | D:1      | Reached XP level 1. HP: 13/13 MP: 6/6
    86 | D:1      | Reached skill level 2 in Transmutations
   106 | D:1      | Reached XP level 2. HP: 17/19 MP: 1/7
   132 | D:1      | Learned a level 2 spell: Passwall
   393 | D:4      | Reached skill level 5 in Spellcasting
   393 | D:4      | Reached skill level 1 in Invocations
   393 | D:4      | Reached XP level 3. HP: 20/25 MP: 1/9
   425 | D:4      | Reached skill level 1 in Fighting
   425 | D:4      | Reached skill level 1 in Short Blades
   425 | D:4      | Reached skill level 1 in Long Blades
   425 | D:4      | Reached skill level 1 in Axes
   425 | D:4      | Reached skill level 1 in Maces & Flails
   425 | D:4      | Reached skill level 1 in Polearms
   425 | D:4      | Reached skill level 1 in Staves
   425 | D:4      | Reached skill level 1 in Slings
   425 | D:4      | Reached skill level 1 in Bows
   425 | D:4      | Reached skill level 1 in Crossbows
   425 | D:4      | Reached skill level 1 in Throwing
   425 | D:4      | Reached skill level 1 in Armour
   425 | D:4      | Reached skill level 1 in Shields
   425 | D:4      | Reached skill level 1 in Unarmed Combat
   425 | D:4      | Reached skill level 1 in Evocations
   425 | D:4      | Reached XP level 4. HP: 20/32 MP: 0/11
   637 | D:2      | Found an iron altar of Okawaru.
   707 | D:3      | Found an ancient bone altar of Kikubaaqudgha.
   709 | D:3      | Reached skill level 1 in Conjurations
   709 | D:3      | Reached skill level 1 in Hexes
   709 | D:3      | Reached skill level 1 in Charms
   709 | D:3      | Reached skill level 1 in Summonings
   709 | D:3      | Reached skill level 1 in Necromancy
   709 | D:3      | Reached skill level 1 in Translocations
   709 | D:3      | Reached skill level 1 in Fire Magic
   709 | D:3      | Reached skill level 1 in Ice Magic
   709 | D:3      | Reached skill level 1 in Air Magic
   709 | D:3      | Reached skill level 1 in Poison Magic
   920 | D:3      | Reached XP level 5. HP: 37/37 MP: 10/12
   930 | D:4      | Noticed an ogre
   941 | D:4      | Killed an ogre
   945 | D:4      | Reached XP level 6. HP: 44/44 MP: 6/13
   971 | D:4      | Noticed Robin
   974 | D:4      | Reached skill level 2 in Invocations
   991 | D:4      | Killed Robin
  1039 | D:4      | Reached skill level 2 in Fighting
  1039 | D:4      | Reached skill level 2 in Short Blades
  1039 | D:4      | Reached skill level 2 in Long Blades
  1039 | D:4      | Reached skill level 2 in Axes
  1039 | D:4      | Reached skill level 2 in Maces & Flails
  1039 | D:4      | Reached skill level 2 in Polearms
  1039 | D:4      | Reached skill level 2 in Staves
  1039 | D:4      | Reached skill level 2 in Slings
  1039 | D:4      | Reached skill level 2 in Bows
  1039 | D:4      | Reached skill level 2 in Crossbows
  1039 | D:4      | Reached skill level 2 in Throwing
  1039 | D:4      | Reached skill level 2 in Armour
  1039 | D:4      | Reached skill level 5 in Dodging
  1039 | D:4      | Reached skill level 2 in Shields
  1039 | D:4      | Reached skill level 2 in Unarmed Combat
  1039 | D:4      | Reached skill level 2 in Evocations
  1183 | D:4      | Reached XP level 7. HP: 40/50 MP: 11/15
  1233 | D:5      | Entered Level 5 of the Dungeon
  1244 | D:5      | Found a deep blue altar of Sif Muna.
  1288 | D:5      | Found a glowing silver altar of Zin.
  1289 | D:5      | Noticed an angel
  1317 | D:6      | Reached skill level 2 in Conjurations
  1317 | D:6      | Reached skill level 2 in Hexes
  1317 | D:6      | Reached skill level 2 in Charms
  1317 | D:6      | Reached skill level 2 in Summonings
  1317 | D:6      | Reached skill level 2 in Necromancy
  1317 | D:6      | Reached skill level 2 in Translocations
  1317 | D:6      | Reached skill level 2 in Fire Magic
  1317 | D:6      | Reached skill level 2 in Ice Magic
  1317 | D:6      | Reached skill level 2 in Air Magic
  1317 | D:6      | Reached skill level 2 in Poison Magic
  1343 | D:6      | Reached skill level 3 in Transmutations
  1372 | D:5      | Reached skill level 5 in Stealth
  1372 | D:5      | Reached skill level 3 in Invocations
  1417 | D:5      | Reached skill level 6 in Earth Magic
  1417 | D:5      | Reached XP level 8. HP: 31/57 MP: 2/16
  1422 | D:5      | Learned a level 3 spell: Stone Arrow
  1427 | D:5      | Learned a level 4 spell: Petrify
  1501 | D:5      | Reached skill level 3 in Fighting
  1501 | D:5      | Reached skill level 3 in Short Blades
  1501 | D:5      | Reached skill level 3 in Long Blades
  1501 | D:5      | Reached skill level 3 in Axes
  1501 | D:5      | Reached skill level 3 in Maces & Flails
  1501 | D:5      | Reached skill level 3 in Polearms
  1501 | D:5      | Reached skill level 3 in Staves
  1501 | D:5      | Reached skill level 3 in Slings
  1501 | D:5      | Reached skill level 3 in Bows
  1501 | D:5      | Reached skill level 3 in Crossbows
  1501 | D:5      | Reached skill level 3 in Throwing
  1501 | D:5      | Reached skill level 3 in Armour
  1501 | D:5      | Reached skill level 3 in Shields
  1501 | D:5      | Reached skill level 3 in Unarmed Combat
  1501 | D:5      | Reached skill level 3 in Evocations
  1507 | D:5      | Found a shattered altar of Ashenzari.
  1623 | D:6      | Noticed Grinder
  1632 | D:6      | Reached skill level 6 in Spellcasting
  1634 | D:6      | Killed Grinder
  1644 | D:6      | Found a shimmering altar of Xom.
  1658 | D:7      | Noticed Prince Ribbit
  1669 | D:7      | Found a stormy altar of Qazlal.
  1728 | D:7      | HP: 3/58 [killer bee (9)]
  1732 | D:7      | Reached skill level 4 in Invocations
  1734 | D:7      | Reached skill level 3 in Conjurations
  1734 | D:7      | Reached skill level 3 in Hexes
  1734 | D:7      | Reached skill level 3 in Charms
  1734 | D:7      | Reached skill level 3 in Summonings
  1734 | D:7      | Reached skill level 3 in Necromancy
  1734 | D:7      | Reached skill level 3 in Translocations
  1734 | D:7      | Reached skill level 3 in Fire Magic
  1734 | D:7      | Reached skill level 3 in Ice Magic
  1734 | D:7      | Reached skill level 3 in Air Magic
  1734 | D:7      | Reached skill level 3 in Poison Magic
  1749 | D:7      | HP: 4/59 [killer bee (10)]
  1754 | D:7      | Reached skill level 6 in Dodging
  1754 | D:7      | Reached XP level 9. HP: 8/65 MP: 7/18
  1758 | D:7      | HP: 6/65 [poisoned by a killer bee]
  1764 | D:7      | HP: 5/65 [poisoned by a killer bee]
  1772 | D:7      | HP: 5/65 [poisoned by a killer bee]
  2077 | D:6      | Gained mutation: You passively map a small area around you. [potion of mutation]
  2077 | D:6      | Gained mutation: You have a somewhat thin skeletal structure. (Dex +2, Stealth) [potion of mutation]
  2089 | D:6      | Reached skill level 4 in Fighting
  2089 | D:6      | Reached skill level 4 in Short Blades
  2089 | D:6      | Reached skill level 4 in Long Blades
  2089 | D:6      | Reached skill level 4 in Axes
  2089 | D:6      | Reached skill level 4 in Maces & Flails
  2089 | D:6      | Reached skill level 4 in Polearms
  2089 | D:6      | Reached skill level 4 in Staves
  2089 | D:6      | Reached skill level 4 in Slings
  2089 | D:6      | Reached skill level 4 in Bows
  2089 | D:6      | Reached skill level 4 in Crossbows
  2089 | D:6      | Reached skill level 4 in Throwing
  2089 | D:6      | Reached skill level 4 in Armour
  2089 | D:6      | Reached skill level 4 in Shields
  2089 | D:6      | Reached skill level 4 in Unarmed Combat
  2089 | D:6      | Reached skill level 4 in Transmutations
  2089 | D:6      | Reached skill level 4 in Evocations
  2101 | D:6      | Killed from afar by an orc priest

Vault maps used:
D:1:      minmay_arrival_nine_rooms, minmay_misc_feat_secret_circle,
          amethyst_killhole, chequers_big_river, roderic_roman_lattice,
          minivault_24
D:2:      cheibrodos_old_hovel, lemuel_round_altar, lemuel_doored_altar,
          lemuel_crystal_altar, yredelemnul_forgotten_temple_becter,
          lemuel_coloured_pillars_altar, eino_tiny_chamber, uniq_jessica,
          uniq_crazy_yiuf_cottage
D:3:      kiku_gazebo_pond_becter, first_bread, grunt_decor_resistance,
          st_stairs_6
D:4:      overflow_temple_1_default, serial_shops, shop, uniq_robin
D:5:      zin_angel, basic_altar, cheibrodos_ashenzari_chains, uniq_sigmund
D:6:      vehumet_crystals, gammafunk_temple_overflow_forgotten,
          minmay_temple_entry_overgrown, serial_bayou_pond_a, xom_redecorated,
          uniq_grinder, uniq_edmund
D:7:      minmay_thick_lines, kennysheep_little_box, overflow_temple_1_default,
          uniq_prince_ribbit1

Skill      XL: |  1  2  3  4  5  6  7  8  9 |
---------------+----------------------------+-----
Transmutations | 2 3 4 |  4.0
Spellcasting   | 5 6 |  6.5
Invocations    | 1 2 3 4 |  4.4
Fighting       | 1 2 3 4 |  4.0
Short Blades   | 1 2 3 4 |  4.0
Long Blades    | 1 2 3 4 |  4.0
Axes           | 1 2 3 4 |  4.0
Maces & Flails | 1 2 3 4 |  4.0
Polearms       | 1 2 3 4 |  4.0
Staves         | 1 2 3 4 |  4.0
Slings         | 1 2 3 4 |  4.0
Bows           | 1 2 3 4 |  4.0
Crossbows      | 1 2 3 4 |  4.0
Throwing       | 1 2 3 4 |  4.0
Armour         | 1 2 3 4 |  4.0
Shields        | 1 2 3 4 |  4.0
Unarmed Combat | 1 2 3 4 |  4.0
Evocations     | 1 2 3 4 |  4.0
Conjurations   | 1 2 3 |  3.3
Hexes          | 1 2 3 |  3.3
Charms         | 1 2 3 |  3.3
Summonings     | 1 2 3 |  3.3
Necromancy     | 1 2 3 |  3.3
Translocations | 1 2 3 |  3.3
Fire Magic     | 1 2 3 |  3.3
Ice Magic      | 1 2 3 |  3.3
Air Magic      | 1 2 3 |  3.3
Poison Magic   | 1 2 3 |  3.3
Dodging        | 5 6 |  6.1
Stealth        | 5 |  5.8
Earth Magic    | 6 |  6.4

Action                   |  1- 3 |  4- 6 |  7- 9 || total
-------------------------+-------+-------+-------++-------
Melee: Mace              |    15 |     3 |       ||    18
       Bite              |     2 |     7 |     5 ||    14
       Dagger            |       |    70 |    55 ||   125
 Cast: Sandblast         |    19 |    30 |    80 ||   129
       Passwall          |     7 |     5 |    13 ||    25
       Petrify           |       |       |     1 ||     1
Evoke: Wand              |       |       |     4 ||     4
  Use: Potion            |       |     2 |     6 ||     8
       Scroll            |       |       |    13 ||    13
 Stab: Sleeping          |     2 |     9 |     8 ||    19
       Distracted        |       |     2 |       ||     2
       Petrifying        |       |       |     1 ||     1
       Petrified         |       |       |     1 ||     1
  Eat: Chunk             |       |     1 |       ||     1
       Royal jelly       |       |       |     1 ||     1
Armor: Robe              |     7 |    18 |    22 ||    47
Dodge: Dodged            |    12 |    85 |    83 ||   180
Block: Other             |       |       |     1 ||     1

Table legend:
 A = Spawn XP
 B = Non-spawn XP
 C = Spawn XP percentage of total XP
 D = Spawn monster count
 E = Non-spawn monster count
 F = Spawn count percentage of total count
 G = Total turns spent on level
                    A         B        C        D         E        F      G
               +---------+---------+-------+---------+---------+-------+---------
         Total |       0 |    2956 |   0.0 |       0 |     106 |   0.0 |  2101
               +---------+---------+-------+---------+---------+-------+---------
           D:1 |       0 |      17 |   0.0 |       0 |      11 |   0.0 |   293
           D:2 |       0 |      11 |   0.0 |       0 |       5 |   0.0 |   139
           D:3 |       0 |      59 |   0.0 |       0 |      19 |   0.0 |   423
           D:4 |       0 |     587 |   0.0 |       0 |      28 |   0.0 |   378
           D:5 |       0 |     629 |   0.0 |       0 |      18 |   0.0 |   339
           D:6 |       0 |     822 |   0.0 |       0 |       9 |   0.0 |   135
           D:7 |       0 |     831 |   0.0 |       0 |      16 |   0.0 |   394
               +---------+---------+-------+---------+---------+-------+---------

Table legend:
 A = Turns spent in this place as a percentage of turns spent in the entire game.
 B = Non-inter-level travel turns spent in this place as a percentage of non-inter-level travel turns spent in the entire game.
 C = Inter-level travel turns spent in this place as a percentage of turns spent in this place.
 D = Turns resting spent in this place as a percentage of non-inter-level travel turns spent in this place.
 E = Turns spent auto-exploring this place as a percentage of non-inter-level travel turns spent in this place.
 F = Non-inter-level travel turns spent in this place divided by the number of levels of this place that you've seen.
                   A       B       C       D       E      F
               +-------+-------+-------+-------+-------+----------------------
         Total | 100.0 | 100.0 |   0.0 |   0.0 |   0.0 | 300.1
       Dungeon | 100.0 | 100.0 |   0.0 |   0.0 |   0.0 | 300.1
               +-------+-------+-------+-------+-------+----------------------

Table legend:
 A = Kills in this place as a percentage of kills in entire the game.
 B = Kills by you in this place as a percentage of kills by you in the entire game.
 C = Kills by friends in this place as a percentage of kills by friends in the entire game.
 D = Other kills in this place as a percentage of other kills in the entire game.
 E = Experience gained in this place as a percentage of experience gained in the entire game.
 F = Experience gained in this place divided by the number of levels of this place that you have seen.
                   A       B       C       D       E      F
               +-------+-------+-------+-------+-------+----------------------
         Total | 100.0 | 100.0 |   N/A |   N/A | 100.0 | 422.3
       Dungeon | 100.0 | 100.0 |   N/A |   N/A | 100.0 | 422.3
               +-------+-------+-------+-------+-------+----------------------

Vault maps used:
D:1:      minmay_arrival_nine_rooms, minmay_misc_feat_secret_circle,
          amethyst_killhole, chequers_big_river, roderic_roman_lattice,
          minivault_24
D:2:      cheibrodos_old_hovel, lemuel_round_altar, lemuel_doored_altar,
          lemuel_crystal_altar, yredelemnul_forgotten_temple_becter,
          lemuel_coloured_pillars_altar, eino_tiny_chamber, uniq_jessica,
          uniq_crazy_yiuf_cottage
D:3:      kiku_gazebo_pond_becter, first_bread, grunt_decor_resistance,
          st_stairs_6
D:4:      overflow_temple_1_default, serial_shops, shop, uniq_robin
D:5:      zin_angel, basic_altar, cheibrodos_ashenzari_chains, uniq_sigmund
D:6:      vehumet_crystals, gammafunk_temple_overflow_forgotten,
          minmay_temple_entry_overgrown, serial_bayou_pond_a, xom_redecorated,
          uniq_grinder, uniq_edmund
D:7:      minmay_thick_lines, kennysheep_little_box, overflow_temple_1_default,
          uniq_prince_ribbit1
